 Dungeon Sprint DCSS version 0.18-a0-1303-g41c131c (webtiles) character file.

29 Kidiri the Sneak (level 3, -4/18 HPs)
             Began as a Spriggan Enchanter on Feb 12, 2016.
             Slain by a wolf (6 damage)
             ... in the Dungeon (Sprint III: "The Ten Rune Challenge").
             The game lasted 00:01:54 (326 turns).

Kidiri the Sneak (Spriggan Enchanter)                Turns: 326, Time: 00:01:54

Health: -4/18      AC:  3    Str:  4    XL:     3   Next: 1%
Magic:  6/9        EV: 19    Int: 17    God:
Gold:   0          SH:  0    Dex: 16    Spells: 4 memorised, 1 level left

rFire  . . .     SeeInvis +     a - +1 dagger
rCold  . . .     Gourm    .     b - +1 robe
rNeg   . . .     Faith    .     (shield restricted)
rPois  .         Spirit   .     (helmet restricted)
rElec  .         Dismiss  .     (no cloak)
rCorr  .         Reflect  .     (gloves unavailable)
SustAt .         Harm     .     (boots unavailable)
MR     .....     NoTele   +     (no amulet)
Stlth  ++++......               (no ring)
                                (no ring)

@: very quick, not resistant to hostile enchantments, stealthy
A: unfitting armour, see invisible, herbivore 3, speed 3, slow metabolism 2
a: no special abilities


You were in the Dungeon.
You were not hungry.

You visited 1 branch

Inventory:

Hand Weapons
 a - a +1 dagger (weapon)
Armour
 b - a +1 robe (worn)
Scrolls
 j - a scroll of blinking
 k - a scroll of recharging {unknown}
 l - 2 scrolls of remove curse {unknown}
Potions
 g - a potion of haste
 i - a potion of berserk rage
Books
 c - a book of Maledictions

   Spells                             Type                      Level
   a - Corona                         Hexes                        1
   b - Ensorcelled Hibernation        Hexes/Ice                    2
   c - Confuse                        Hexes                        3
   d - Tukima's Dance                 Hexes                        3
   e - Dazzling Spray                 Conjuration/Hexes            3
Comestibles
 d - a bread ration


   Skills:
 + Level 1.4 Fighting
 * Level 2.9 Short Blades
 + Level 0.5 Armour
 * Level 4.4 Dodging
 * Level 5.8 Stealth
 * Level 4.0 Spellcasting
 + Level 0.0 Conjurations
 + Level 4.3 Hexes
 + Level 0.5 Ice Magic


You had one spell level left.
You knew the following spells:

 Your Spells              Type           Power        Failure   Level  Hunger
a - Corona                Hex            ###....      2%          1    None
b - Ensorcelled Hibernat  Hex/Ice        ##....       12%         2    ##.....
c - Confuse               Hex            ###.....     10%         3    ###....
e - Dazzling Spray        Conj/Hex       ##......     21%         3    ###....


Dungeon Overview and Level Annotations

Branches:
Dungeon (1/1)

Altars:


Innate Abilities, Weirdness & Mutations

You are tiny and cannot use many weapons and most armour.
You have supernaturally acute eyesight.
You are a herbivore.
You cover ground extremely quickly.
You need consume almost no food.


Message History

You feel better. The wolf bites you!
Ouch! That really hurt!
* * * LOW HITPOINT WARNING * * *
The wolf closely misses you.
Unknown command.
There is an open door here.
There is an open door here.
Drink which item? (? for menu, Esc to quit)
Magic courses through your body. The wolf completely misses you.
The wolf misses you.
Unknown command.
Casting: Dazzling Spray
Confirm with . or Enter, or press ? or * to list all spells.
Aiming: Dazzling Spray
Press: ? - help, Shift-Dir - straight line, f/p - wolf
Aim: a wolf (severely wounded)
The spray of energy hits the wolf.
The wolf is almost dead.
The wolf bites you.
You die...

▓▓▓▓ ▓<.# ▓..#
▓#'####
▓.....#....≈.♣♣♣ .#
▓.....#...≈≈♣..♣♣.#
▓.....#..≈≈≈≈♣.♣..+
▓####@#..≈≈≈≈≈≈♣..#
▓...h.#.≈≈≈≈≈≈....#
▓.%...#.≈≈≈≈≈.....#
▓.....#.≈≈≈.......#
▓'#####...........#
▓.................#
▓▓▓▓▓▓▓▓▓▓▓▓▓▓▓▓▓▓▓


You could see a wolf.

Vanquished Creatures
  A human (D)
  2 oozes (D)
  2 rats (D)
5 creatures vanquished.

Vanquished Creatures (others)
  2 draconian scorchers (D)
  A hydra (D)
  A yaktaur (D)
  3 plants (D)
7 creatures vanquished.

Grand Total: 12 creatures vanquished

Notes
Turn   | Place    | Note
--------------------------------------------------------------
     0 | D        | Kidiri the Spriggan Enchanter began the quest for the Orb.
     0 | D        | Reached XP level 1. HP: 9/9 MP: 5/5
    16 | D        | Reached skill level 1 in Fighting
    16 | D        | Reached skill level 5 in Stealth
    16 | D        | Reached XP level 2. HP: 12/14 MP: 7/7
    20 | D        | Learned a level 2 spell: Ensorcelled Hibernation
    98 | D        | Noticed a wolf
    99 | D        | Reached XP level 3. HP: 7/18 MP: 5/9
   119 | D        | Learned a level 3 spell: Confuse
   123 | D        | Learned a level 3 spell: Dazzling Spray
   170 | D        | Killed a yaktaur
   207 | D        | Killed a white draconian scorcher
   228 | D        | Killed a six-headed hydra
   241 | D        | Killed a white draconian scorcher
   326 | D        | Slain by a wolf

Vault maps used:
D:        dungeon_sprint_mu

Action                   || total
-------------------------++-------
Melee: Dagger            ||    22
 Cast: Ensorcelled Hiber ||     3
       Dazzling Spray    ||     5
  Use: Potion            ||     4
 Stab: Sleeping          ||     5
